 Dungeon Crawl Stone Soup version 0.31-a0-345-g1ebeae05c6 (webtiles) character file.

Game seed: 948287849392198361

4172 Ofeo the Trooper (level 10, -3/79 HPs)
             Began as a Demonspawn Shapeshifter on July 23, 2023.
             Was an Initiate of Hepliaklqana.
             Slain by an ogre
             ... wielding a +0 giant spiked club
              (17 damage)
             ... on level 6 of the Dungeon.
             The game lasted 00:24:36 (8612 turns).

Ofeo the Trooper (Demonspawn Shapeshifter)          Turns: 8612, Time: 00:24:36

Health: -3/79      AC:  9    Str: 15    XL:     10   Next: 7%
Magic:  0/10       EV: 16    Int:  9    God:    Hepliaklqana [......]
Gold:   70         SH:  0    Dex: 20    Spells: 9/9 levels left

rFire   + . .        z - +0 orcbow
rCold   . . .        (shield currently unavailable)
rNeg    . . .        d - +2 leather armour {rF+}
rPois   .            (helmet currently unavailable)
rElec   .            (cloak currently unavailable)
rCorr   .            (gloves currently unavailable)
SInv    .            (boots currently unavailable)
Will    .....        g - amulet of guardian spirit
Stlth   +++          j - ring of Fotekk {AC+4 Str-4 Dex+5 Stlth+}
HPRegen 0.33/turn    (no ring)
MPRegen 0.12/turn

%: guardian spirit
@: beast-form
A: beast (slay +4), powered by death 1, sturdy frame 2, weakness stinger 2
a: Begin Untransformation, Renounce Religion


You were on level 6 of the Dungeon.
You worshipped Hepliaklqana.
Hepliaklqana was noncommittal.
You were a hulking beast.
You visited 2 branches of the dungeon, and saw 7 of its levels.
You also visited: Ossuary.

You collected 218 gold pieces.
You spent 148 gold pieces at shops.

Inventory:

Hand Weapons
 z - a +0 orcbow (weapon)
Armour
 d - a +2 leather armour of fire resistance (worn)
 k - a +0 pair of boots of stealth
Jewellery
 g - an amulet of guardian spirit (around neck)
 j - the ring of Fotekk (left hand) {AC+4 Str-4 Dex+5 Stlth+}
   (You found it on level 2 of the Dungeon)

   [ring of protection]

   AC:        It affects your AC (+4).
   Str:       It affects your strength (-4).
   Dex:       It affects your dexterity (+5).
   Stlth:     It makes you more stealthy.
Talismans
 c - a beast talisman
Wands
 a - a wand of polymorph (8)
 h - a wand of digging (8) {@v1}
Scrolls
 f - a scroll of blinking {@r4}
 l - a scroll of fear
 n - 3 scrolls of teleportation {@r3}
 o - 2 scrolls of vulnerability
Potions
 b - 2 potions of mutation
 p - a potion of berserk rage {unknown}
 q - 2 potions of curing {@q1}
 r - 2 potions of attraction
 s - a potion of magic {unknown}
 t - a potion of haste {unknown}
 u - a potion of heal wounds {unknown}
 v - a potion of brilliance
 w - a potion of ambrosia {unknown}
 x - 2 potions of enlightenment


   Skills:
 + Level 7.1 Fighting
 * Level 7.0 Ranged Weapons
 + Level 6.6 Dodging
 - Level 3.2 Unarmed Combat
 + Level 6.1 Shapeshifting


You had 9 spell levels left.
You didn't know any spells.
Your spell library contained the following spells:

 Spells                   Type           Power      Damage    Failure   Level
 Cigotuvi's Dreadful Rot  Necr/Pois/Air  0%         N/A       52%         2
 Ignite Poison            Fire/Tmut/Pois 0%         N/A       77%         3
 Freezing Cloud           Conj/Ice/Air   0%         6-21      100%        5


Dungeon Overview and Level Annotations

Branches:
Dungeon (6/15)             Temple (1/1) D:6         Ossuary (visited)

Altars:
Ashenzari
Cheibriados
Dithmenos
Fedhas
Gozag
Hepliaklqana
Kikubaaqudgha
Makhleb
Nemelex Xobeh
Qazlal
Ru
Sif Muna
Vehumet
Xom
Yredelemnul

Shops:
D:4 :   D:5 *[

Portals:
Abyss: D:3

Annotations:
D:3 2 transporters, Bediveer's ghost, weakling FeSh


Innate Abilities, Weirdness & Mutations

You are a hulking beast.
Your limbs bulge with bestial killing power. (Slay +4)
You regenerate a little health from kills.
Your movements are less encumbered by armour. (ER -4)
You have a tail ending in a sharp stinger.


Message History

The kobold demonologist is moderately wounded.
You shoot an arrow. The arrow hits the orc priest!
You kill the orc priest!
Your Ranged Weapons skill increases to level 7!
You shoot an arrow. The arrow hits the ogre!
The ogre is heavily wounded.
The ogre hits you with a +0 giant spiked club!
You take 9 damage, and have 60/79 hp.
You now have 8/10 mp.
You shoot an arrow. The arrow hits the ogre!
The ogre is severely wounded.
The kobold demonologist gestures wildly while chanting.
The ogre completely misses you.
You shoot an arrow. The arrow hits the ogre.
The ogre is severely wounded.
The kobold demonologist barely misses you.
You shoot an arrow. The arrow closely misses the ogre.
The sixfirhy barely misses you. The sixfirhy hits you! The sixfirhy shocks you!
The sixfirhy hits you but does no damage.
The ogre completely misses you.
The kobold demonologist barely misses you.
The sixfirhy completely misses you.
You take 17 damage, and have 44/79 hp.
MASSIVE DAMAGE!!
You now have 6/10 mp.
What are your orders? t - Shout!
Orders for allies: a - Attack new target. p - Attack previous target. r - Retreat! s - Stop attacking. g - Guard the area. f - Follow me.
Anything else - Cancel.
Okay, then.
Okay, then.
The sixfirhy attacks as you move away! The sixfirhy hits you!
The sixfirhy shocks you! The sixfirhy hits you!
* * * LOW HITPOINT WARNING * * *
The sixfirhy shocks you!
* * * LOW HITPOINT WARNING * * *
The sixfirhy hits you but does no damage.
The kobold demonologist begins to cast a cantrip, but forgets the words!
The sixfirhy barely misses you.
The ogre hits you with a +0 giant spiked club!!
You die...

######).#############
........)....)........
~~~~~~....~†~≈~~~~~~~≈
≈≈≈≈≈~..÷.~≈≈≈≈≈≈≈≈≈~≈
~~~~~~....~))~)≈≈~~~~~
......................
######''''############
#..).#.....^.
...#...h#.......
....)...O3K......
################'


You could see a kobold demonologist, a sixfirhy (summoned) and an ogre.

Vanquished Creatures
  Pikel (D:4)
  Grinder (D:4)
  Sigmund (D:4)
  2 wraiths (Ossuary)
  Menkaure (D:5)
  2 sky beasts (D:6)
  2 orc warriors (D:6)
  2 ice beasts (D:5)
  2 black bears (D:5)
  2 ogres
  A centaur (D:5)
  4 lemures
  A kobold brigand (D:6)
  Blork the orc (D:5)
  2 gnoll sergeants (D:6)
  2 scorpions
  3 wights (Ossuary)
  4 killer bees (D:5)
  2 howler monkeys (D:6)
  8 hounds
  2 jellies (D:6)
  A gnoll bouda (D:6)
  7 orc priests
  4 iguanas
  Jessica (D:3)
  2 sleepcaps
  6 orc wizards
  Robin (D:3)
  5 gnolls (D:6)
  7 adders
  A shadow imp (D:5)
  2 ufetubi
  An adder zombie (Ossuary)
  2 worms (D:2)
  7 dart slugs
  18 orcs
  3 bats
  4 endoplasms
  5 giant cockroaches
  5 hobgoblins
  5 quokkas
  6 ball pythons
  A ball python skeleton (Ossuary)
  2 frilled lizards
  18 goblins
  2 hobgoblin skeletons (Ossuary)
  2 hobgoblin zombies (Ossuary)
  6 kobolds
  2 orc zombies (Ossuary)
  2 rats
174 creatures vanquished.

Notes
Turn   | Place    | Note
-------+----------+-------------------------------------------
     0 | D:1      | Ofeo the Demonspawn Shapeshifter began the quest for the
                  | Orb.
     0 | D:1      | Reached XP level 1. HP: 15/15 MP: 1/1
   466 | D:1      | Gained mutation: You regenerate a little health from kills.
                  | [demonic ancestry]
   466 | D:1      | Reached XP level 2. HP: 21/21 MP: 2/2
   893 | D:1      | Found a faded altar of an unknown god.
  1448 | D:2      | Gained mutation: Your movements are slightly less
                  | encumbered by armour. (ER -2) [demonic ancestry]
  1448 | D:2      | Reached XP level 3. HP: 27/27 MP: 3/3
  1748 | D:2      | HP: 2/40 [poisoned by an adder]
  2269 | D:2      | Identified the ring of Fotekk {AC+4 Str-4 Dex+5 Stlth+}
  2585 | D:3      | Found a blossoming altar of Fedhas.
  2675 | D:3      | Gained mutation: You have a small tail. [demonic ancestry]
  2675 | D:3      | Reached XP level 4. HP: 33/33 MP: 4/4
  2715 | D:3      | Noticed a kobold brigand
  2760 | D:3      | Noticed Bediveer's ghost (weakling FeSh)
  2774 | D:3      | Found a one-way gate to the infinite horrors of the Abyss.
  2992 | D:3      | Found a transporter.
  2992 | D:3      | Found a transporter.
  2996 | D:3      | Noticed a small abomination
  3016 | D:3      | Noticed Robin
  3146 | D:3      | Noticed a small abomination
  3150 | D:3      | Killed Robin
  3294 | D:3      | Noticed Jessica
  3296 | D:3      | Killed Jessica
  3297 | D:3      | Reached XP level 5. HP: 39/39 MP: 5/5
  3601 | D:4      | Noticed a lemure
  3602 | D:4      | Noticed a lemure
  3620 | D:3      | Killed a lemure
  3810 | D:4      | Noticed a lemure
  3810 | D:4      | Noticed a lemure
  3812 | D:4      | Noticed Pikel
  3852 | D:3      | Killed a lemure
  4045 | D:4      | Found Kuez Roybb's Book Shoppe.
  4095 | D:4      | Gained mutation: Your movements are less encumbered by
                  | armour. (ER -4) [demonic ancestry]
  4095 | D:4      | Reached XP level 6. HP: 47/47 MP: 6/6
  4204 | D:4      | Noticed Sigmund
  4209 | D:4      | Killed Sigmund
  4227 | D:4      | Noticed Grinder
  4242 | D:4      | Paralysed by Grinder for 2 turns
  4250 | D:4      | Killed Grinder
  4251 | D:4      | Reached XP level 7. HP: 37/55 MP: 5/7
  4944 | D:3      | Reached skill level 1 in Ranged Weapons
  5106 | D:4      | Killed Pikel
  5107 | D:4      | Reached skill level 5 in Fighting
  5107 | D:4      | Reached skill level 5 in Dodging
  5107 | D:4      | Reached XP level 8. HP: 23/62 MP: 5/8
  5664 | D:5      | Entered Level 5 of the Dungeon
  5758 | D:5      | Noticed Menkaure
  5771 | D:5      | Reached skill level 5 in Shapeshifting
  5776 | D:5      | Killed Menkaure
  5796 | D:5      | Found Zooliebb's Antique Armour Emporium.
  5836 | D:5      | Reached XP level 9. HP: 48/69 MP: 9/9
  5972 | D:5      | Found Zin's Purification Station.
  6046 | D:5      | Reached skill level 5 in Ranged Weapons
  6054 | D:5      | Found a sand-covered staircase.
  6064 | Ossuary  | Entered an ossuary
  7259 | D:5      | Noticed Blork the orc
  7303 | D:5      | Killed Blork the orc
  7386 | D:5      | Bought a dull robe for 148 gold pieces
  7386 | D:5      | Identified the +0 robe of Lust {rC+ rN++ Str+3 Slay-5} (You
                  | bought it in a shop on level 5 of the Dungeon)
  7414 | D:5      | Found an opulent altar of Gozag.
  7565 | D:6      | Found a staircase to the Ecumenical Temple.
  7580 | Temple   | Entered the Ecumenical Temple
  7781 | Temple   | Became a worshipper of Hepliaklqana the Forgotten
  7906 | D:6      | Found an ancient bone altar of Kikubaaqudgha.
  8445 | D:6      | Gained mutation: You have a tail ending in a sharp stinger.
                  | [demonic ancestry]
  8445 | D:6      | Reached XP level 10. HP: 40/79 MP: 8/10
  8610 | D:6      | Noticed a sixfirhy
  8612 | D:6      | Slain by an ogre

Illustrated notes

Levels and vault maps discovered:
D:1:      eino_arrival_cavern_d, layout_basic, serial_bayou,
          serial_bayou_shore_b, serial_bayou_ford_a, serial_bayou_lagoon_b,
          serial_bayou_shore_a, shapermc_ecumenical_altar_starsandcircs
D:2:      layout_basic
D:3:      layout_basic, fedhas_altar_1, gammafunk_ghost_abyssal_escape,
          uniq_robin, uniq_jessica
D:4:      minmay_recursive_quarters, layout_loops_ring, serial_shops, shop,
          uniq_sigmund, uniq_grinder, uniq_pikel
D:5:      layout_loops_ring, zin_purify, general_overflow_altar,
          enter_ossuary_1, kennysheep_windowed_goal, uniq_menkaure,
          uniq_blork_the_orc
D:6:      lemuel_castle_with_subvaults [lemuel_castle_interior_carwin_3],
          layout_basic, lemuel_round_altar, temple_statues
Temple:   eino_temple_lava

Skill      XL: |  1  2  3  4  5  6  7  8  9 10 |
---------------+-------------------------------+-----
Dodging        | 2 3 4 5 6 |  6.6
Unarmed Combat | 3 |  3.2
Shapeshifting  | 3 4 5 6 |  6.1
Fighting       | 2 3 4 5 7 |  7.1
Ranged Weapons | 3 4 6 7 |  7.0

Action                     |  1- 3 |  4- 6 |  7- 9 | 10-12 || total
---------------------------+-------+-------+-------+-------++-------
  Melee: Unarmed           |    85 |    14 |       |       ||    99
         Punch             |     4 |     1 |       |       ||     5
         Tailslap          |       |     2 |       |       ||     2
   Fire: Sling             |    28 |   116 |   281 |       ||   425
         Orcbow            |       |       |   123 |    41 ||   164
    Use: Potion            |     1 |     6 |       |       ||     7
         Scroll            |       |     6 |     7 |       ||    13
   Stab: Sleeping          |     2 |       |       |       ||     2
         Distracted        |       |     1 |       |       ||     1
 Armour: Animal skin       |    18 |    20 |       |       ||    38
         Skin              |     7 |     1 |       |       ||     8
         Leather armour    |       |     6 |    68 |     3 ||    77
  Dodge: Dodged            |    52 |    57 |   210 |    15 ||   334

Table legend: (Time is in decaauts)
 A = Elapsed time spent in this place.
 B = Non-inter-level travel time spent in this place.
 C = Inter-level travel time spent in this place.
 D = Time resting spent in this place.
 E = Time spent auto-exploring this place.
 F = Levels seen in this place.
 G = Mean time per level.
                   A        B        C        D        E       F      G
               +--------+--------+--------+--------+--------+-----+--------+
         Total |   8828 |   8224 |    604 |   1141 |   4694 |   8 | 1103.5 |
       Dungeon |   7770 |   7175 |    595 |    662 |   4694 |   6 | 1295.0 |
        Temple |    210 |    201 |      9 |      0 |      0 |   1 |  210.0 |
       Ossuary |    847 |    847 |      0 |    479 |      0 |   1 |  847.0 |
               +--------+--------+--------+--------+--------+-----+--------+

Top non-repeatable levels by time:
     D:4: 1755 daAuts
     D:3: 1527 daAuts
     D:1: 1344 daAuts
     D:2: 1166 daAuts
     D:5: 1073 daAuts
     D:6: 902 daAuts
 Ossuary: 847 daAuts
  Temple: 210 daAuts
